Map: Interloper LE

Players

Jig - Winner!

  • Race: Zerg Zerg
  • Spawn Location: 5:00

Probe

  • Race: Protoss Protoss
  • Spawn Location: 11:00

Event: WCS Montreal 2017

VOD

Have the link to the VOD?

Description

Time

  • Played on: Sept. 8, 2017, 6:09 p.m.
  • Length: 11:47

All games in this series

Show
View Real Time Build Order
Export as new Build Order

Jig Zerg - Winner!

Build Orders: Pool First 

Get SALT Encoding   

  12  0:00  Drone  
  13  0:12  Overlord  
  13  0:16  Drone  
  14  0:30  Drone x2  
  16  0:36  Drone  
  17  0:44  Extractor  
  17  0:47  Spawning Pool  
  16  0:50  Drone  
  16  0:55  Drone  
  17  1:07  Drone  
  18  1:36  Queen, Zergling x4  
  22  1:43  Metabolic Boost  
  22  1:49  Hatchery  
  22  1:53  Overlord  
  21  1:58  Drone  
  22  2:11  Queen  
  24  2:16  Drone  
  25  2:30  Hatchery  
  25  2:36  Drone x2  
  26  2:39  Drone  
  26  2:44  Drone  
  27  2:46  Drone  
  29  2:51  Drone  
  29  2:56  Overlord  
  29  3:01  Drone x2  
  30  3:09  Queen  
  31  3:13  Drone  
  31  3:19  Drone x2  
  34  3:26  Drone x4  
  38  3:34  Overlord  
  38  3:40  Drone  
  39  3:42  Queen  
  39  3:43  Drone  
  39  3:46  Drone  
  39  3:48  Queen  
  45  3:52  Overlord  
  45  3:54  Drone  
  46  3:56  Drone  
  46  3:58  Drone  
  46  4:02  Drone x2  
  50  4:04  Drone x2  
  50  4:08  Overlord  
  50  4:09  Drone  
  53  4:10  Drone  
  54  4:17  Zergling x2  
  54  4:18  Zergling x4  
  54  4:23  Pneumatized Carapace, Evolution Chamber  
  56  4:28  Overlord  
  56  4:32  Zergling x6  
  59  4:40  Baneling Nest  
  59  4:42  Extractor, Drone x7  
  64  4:46  Overlord  
  64  4:50  Overlord  
  64  4:54  Zergling x2  
  64  4:55  Zergling x8  
  69  5:00  Zergling x2  
  69  5:03  Zergling x8  
  74  5:09  Overlord  
  72  5:21  Overlord  
  72  5:23  Zerg Melee Weapons Level 1  
  72  5:24  Overlord  
  72  5:25  Drone  
  72  5:26  Overlord  
  72  5:28  Hatchery  
  72  5:29  Spore Crawler, Zergling x6  
  72  5:30  Zergling x2  
  72  5:31  Zergling x2  
  76  5:40  Zergling x6  
  76  5:41  Zergling x2  
  79  5:54  Baneling  
  79  5:55  Baneling x7  
  77  5:57  Overlord  
  77  5:58  Overlord  
  77  6:00  Extractor, Zergling x12  
  77  6:01  Zergling x6  
  85  6:04  Baneling  
  85  6:05  Baneling  
  85  6:09  Overlord  
  85  6:12  Overlord  
  85  6:13  Drone x2  
  85  6:15  Drone x3  
  85  6:16  Drone  
  80  6:27  Drone x3  
  80  6:28  Drone x6  
  87  6:35  Zergling x2  
  87  6:38  Lair  
  82  6:44  Overlord  
  82  6:45  Zergling x6  
  81  6:50  Overlord  
  81  6:52  Overlord  
  81  6:53  Zergling x4  
  81  6:54  Hatchery  
  81  6:56  Zergling x4  
  77  7:10  Zergling x14  
  84  7:19  Queen  
  84  7:20  Zergling x6  
  84  7:21  Zergling x8  
  93  7:30  Overlord  
  93  7:33  Overlord  
  93  7:34  Zergling x10  
  93  7:35  Zergling x2  
  99  7:41  Extractor, Zerg Melee Weapons Level 2  
  99  7:42  Centrifical Hooks  
  99  7:43  Hydralisk Den  
  97  7:46  Baneling x4  
  97  7:47  Extractor  
  97  7:50  Overlord  
  96  7:56  Drone  
  96  7:57  Drone x2  
  96  7:58  Spore Crawler  
  97  8:01  Overlord  
  97  8:02  Baneling  
  97  8:03  Baneling x5  
  98  8:08  Zergling x16  
  106  8:15  Overlord  
  106  8:19  Overlord, Muscular Augments  
  106  8:23  Overlord  
  106  8:24  Zergling x16  
  106  8:25  Zergling x2  
  106  8:26  Baneling x2  
  115  8:31  Drone x4  
  115  8:33  Drone x3  
  122  8:36  Queen  
  122  8:38  Overlord  
  124  8:47  Zergling x2  
  124  8:48  Zergling x6  
  115  8:54  Zergling x8  
  111  8:56  Baneling x13  
  111  9:01  Overlord  
  111  9:03  Zergling x14  
  114  9:12  Zergling x10  
  98  9:32  Zergling x6  
  98  9:33  Zergling x14  
  98  9:35  Baneling  
  98  9:36  Baneling x7  
  105  9:39  Extractor  
  105  9:41  Zergling x10  
  109  9:51  Overlord  
  109  9:52  Hydralisk x5  
  108  9:54  Hatchery  
  108  9:56  Baneling x6  
  115  10:01  Hydralisk x3  
  115  10:03  Zergling x2  
  122  10:13  Infestation Pit  
  121  10:15  Hydralisk x4  
  121  10:17  Overseer  
  129  10:21  Overlord  
  128  10:29  Zergling x14  
  128  10:30  Zergling x6  
  128  10:32  Overlord  
  138  10:37  Hydralisk x2  
  138  10:41  Baneling x8  
  142  10:44  Zergling x2  
  142  10:45  Zergling x4  
  142  10:48  Overlord  
  145  10:51  Zergling x6  
  146  10:58  Overlord  
  146  11:02  Overlord  
  142  11:11  Overlord  
  142  11:13  Hydralisk x6  
  142  11:16  Overlord  
  142  11:17  Baneling x6  
  154  11:20  Zergling x4  
  154  11:29  Zergling x16  
Show
View Real Time Build Order
Export as new Build Order

Probe Protoss 

Build Orders:  

Get SALT Encoding   

  12  0:01  Probe (Chrono Boost)  
  13  0:11  Probe (Chrono Boost)  
  14  0:18  Pylon  
  14  0:22  Probe (Chrono Boost)  
  15  0:36  Probe (Chrono Boost)  
  15  0:39  Gateway  
  16  0:46  Probe (Chrono Boost)  
  16  0:49  Assimilator  
  18  0:57  Probe (Chrono Boost)  
  18  1:07  Probe (Chrono Boost)  
  19  1:15  Gateway  
  19  1:18  Probe (Chrono Boost)  
  20  1:22  Pylon  
  20  1:27  Cybernetics Core  
  20  1:29  Probe (Chrono Boost)  
  23  1:40  Zealot (Chrono Boost)  
  23  1:42  Pylon  
  23  1:53  Probe, Pylon  
  24  2:05  Adept (Chrono Boost)  
  24  2:06  Adept (Chrono Boost)  
  28  2:14  Probe  
  28  2:15  Assimilator  
  29  2:26  Probe (Chrono Boost)  
  30  2:43  Nexus  
  30  2:45  Warp Gate (Chrono Boost)  
  30  2:49  Probe (Chrono Boost)  
  33  3:00  Twilight Council  
  30  3:09  Probe (Chrono Boost)  
  31  3:16  Adept x2  
  35  3:20  Probe (Chrono Boost)  
  35  3:25  Pylon  
  36  3:30  Resonating Glaives (Chrono Boost)  
  36  3:31  Probe (Chrono Boost)  
  37  3:44  Adept  
  37  3:45  Adept  
  41  3:48  Probe  
  41  3:54  Probe  
  43  4:00  Probe  
  44  4:06  Probe  
  45  4:12  Probe  
  45  4:13  Robotics Facility  
  46  4:18  Probe  
  47  4:25  Probe (Chrono Boost)  
  47  4:28  Gateway  
  47  4:30  Probe (Chrono Boost)  
  50  4:38  Probe (Chrono Boost)  
  50  4:41  Adept  
  50  4:42  Probe (Chrono Boost), Adept  
  55  4:46  Pylon  
  55  4:50  Pylon  
  55  4:51  Probe (Chrono Boost)  
  57  4:55  Mothership Core (Chrono Boost)  
  58  5:03  Probe (Chrono Boost)  
  59  5:13  Probe (Chrono Boost)  
  61  5:14  Probe (Chrono Boost)  
  61  5:20  Warp Prism (Chrono Boost)  
  63  5:22  Nexus  
  63  5:24  Probe  
  63  5:25  Probe  
  63  5:26  Pylon  
  63  5:27  Pylon  
  63  5:28  Sentry  
  67  5:34  Assimilator  
  67  5:36  Probe  
  67  5:37  Probe  
  67  5:38  Assimilator  
  68  5:42  Sentry  
  68  5:48  Probe  
  68  5:49  Probe  
  72  5:52  Pylon  
  72  5:57  Nexus  
  72  5:58  Pylon  
  72  6:00  Probe  
  72  6:01  Pylon  
  72  6:02  Probe  
  78  6:04  Immortal (Chrono Boost)  
  78  6:10  Pylon  
  78  6:12  Probe  
  78  6:13  Sentry x3  
  78  6:14  Probe  
  74  6:26  Probe x2  
  72  6:36  Adept  
  72  6:38  Probe x2  
  73  6:50  Probe x2  
  73  6:51  Stalker x2  
  79  7:02  Probe  
  79  7:03  Adept  
  79  7:07  Probe  
  72  7:16  Probe, Sentry  
  72  7:17  Sentry  
  72  7:18  Probe  
  78  7:23  Probe  
  78  7:27  Probe  
  80  7:33  Gateway  
  80  7:34  Gateway  
  80  7:36  Gateway  
  80  7:37  Probe x2  
  80  7:39  Gateway  
  80  7:42  Adept x3  
  88  7:44  Probe  
  88  7:47  Pylon  
  88  7:49  Probe  
  90  7:52  Probe  
  90  7:55  Probe  
  92  8:01  Probe  
  92  8:04  Probe  
  92  8:05  Probe, Pylon  
  94  8:07  Sentry x3  
  94  8:11  Pylon x2  
  101  8:14  Warp Prism (Chrono Boost)  
  95  8:23  Blink  
  95  8:28  Stalker  
  95  8:29  Stalker  
  95  8:33  Adept x3  
  105  8:46  Stalker x2  
  93  8:54  Sentry x3  
  85  8:55  Adept x2  
  87  9:12  Probe x2  
  87  9:13  Assimilator, Adept  
  87  9:14  Assimilator, Adept  
  93  9:18  Stalker x2  
  93  9:19  Stalker  
  95  9:28  Adept x2  
  95  9:30  Probe  
  77  9:31  Probe x2  
  77  9:43  Stalker x2  
  81  9:56  Sentry x2  
  81  9:57  Adept x3  
  91  10:00  Probe x2  
  91  10:01  Probe  
  94  10:14  Stalker x2  
  94  10:15  Probe x2  
  94  10:18  Adept x3  
  94  10:19  Probe, Sentry  
  109  10:27  Probe, Stalker  
  112  10:29  Probe  
  113  10:37  Probe  
  113  10:40  Robotics Bay  
  113  10:41  Stalker x3  
  120  10:43  Probe x2  
  120  10:49  Observer (Chrono Boost)  
  123  10:50  Probe  
  123  10:55  Probe x2  
  126  11:00  Probe  
  127  11:11  Probe x3  
  113  11:19  Stalker x5  
  113  11:21  Probe  
  113  11:23  Probe x2  
  113  11:24  Pylon  
  126  11:26  Pylon  
  126  11:32  Probe  
  92  11:35  Probe  
  88  11:42  Adept  
  88  11:43  Adept  
Tags
 
Add a new tag
Caveats
  • Supply blocks, unpowered buildings, or Contaminate may cause inaccurate times.
  • Supply counts are checked every 10 seconds.